 Dungeon Crawl Stone Soup version 0.17-a0-737-gf0a300a (webtiles) character file.

122 Ngotmuk the Shield-Bearer (level 4, -10/42 HPs)
             Began as a Deep Dwarf Fighter on Apr 28, 2015.
             Mangled by an ogre
             ... wielding a +0 giant spiked club
              (16 damage)
             ... on level 3 of the Dungeon.
             The game lasted 00:03:37 (1837 turns).

Ngotmuk the Shield-Bearer (Deep Dwarf Fighter)      Turns: 1837, Time: 00:03:37

Health: -10/42     AC:  9    Str: 21    XL:     4   Next: 78%
Magic:  4/4        EV:  6    Int:  8    God:
Gold:   79         SH:  9    Dex: 12    Spells: 0 memorised, 3 levels left

rFire  . . .     SeeInvis .     a - +0 war axe
rCold  . . .     Clarity  +     g - +0 chain mail
rNeg   . . .     SustAb   .     c - +0 shield
rPois  .         Gourm    .     (no helmet)
rElec  .         Spirit   .     (no cloak)
rCorr  .         Warding  .     (no gloves)
rMut   .         Rnd*Tele +     (no boots)
MR     .....                    f - amulet of clarity
Stlth  ..........               (no ring)
                                s - ring of teleportation (curse)

@: non-regenerating, not resistant to hostile enchantments, extremely unstealthy
A: damage resistance, recharge devices, sense surroundings 1, slow healing 3
a: Device Recharging, Evoke Teleportation


You were on level 3 of the Dungeon.
You were not hungry.

You visited 1 branch of the dungeon, and saw 3 of its levels.

You collected 79 gold pieces.

Inventory:

Hand weapons
 a - a +0 war axe (weapon)
Armour
 c - a +0 shield (worn)
 g - a +0 chain mail (worn)
Jewellery
 f - an amulet of clarity (around neck)
 l - an uncursed amulet of resist corrosion
 s - a cursed ring of teleportation (left hand)
Magical devices
 e - a wand of heal wounds (5)
Scrolls
 h - a scroll of random uselessness {unknown}
 i - 4 scrolls of enchant weapon {unknown}
 m - a scroll of identify {unknown}
 q - a scroll of noise {unknown}
 r - a scroll of enchant armour {unknown}
Potions
 d - a potion of might
 j - a potion of heal wounds {unknown}
 k - a potion of beneficial mutation {unknown}
 p - a potion of restore abilities {unknown}
Comestibles
 b - a meat ration
 n - a beef jerky
 o - 3 bread rations


   Skills:
 + Level 3.3 Fighting
 + Level 3.2 Axes
 + Level 3.8 Armour
 + Level 2.1 Dodging
 + Level 4.0 Shields


You had 3 spell levels left.
You didn't know any spells.

Dungeon Overview and Level Annotations

Branches:
Dungeon (3/15)

Altars:


Innate Abilities, Weirdness & Mutations

You are resistant to damage.
You can recharge devices by infusing magical energy.
You passively map a small area around you.
You do not heal naturally.


Message History

Your chain mail prevents you from hitting the orc wizard.
The orc wizard is moderately wounded.
You barely miss the orc.
The orc is heavily wounded.
You block the orc wizard's attack. The orc hits you but does no damage.
The orc wizard gestures at you while chanting.
You resist with some effort.
Your shield and chain mail prevent you from hitting the orc wizard.
The orc wizard is moderately wounded.
You hit the orc.
You kill the orc!
You block the orc wizard's attack.
You slash the orc wizard!
You kill the orc wizard!
Your Dodging skill increases to level 2!
Your Shields skill increases to level 4!
You hit the ogre.
The ogre is lightly wounded.
The ogre hits you with a giant spiked club!!
You die...

, . , * ,>... , * *
, ..... * ,.... * .
,..., * * ..#.# *
..,, +#.#.# **.#* *
,*...# #####O## ≈
#..# #...@).#* ,
#..# #.###.#.# #..#
####.##.## ,
####..####..>...# *
,
#..........##.##.#
.###..#######.# *.#
####..# #.# * ..
......#######.# .
..............####.


You could see an ogre.

Vanquished Creatures
  An orc wizard (D:3)
  4 adders
  A worm (D:2)
  3 orcs (D:3)
  10 bats
  2 giant cockroaches
  3 hobgoblins (D:1)
  6 jackals
  4 kobolds
  A ball python (D:2)
  A giant gecko (D:1)
  9 giant newts (D:1)
  7 goblins
  12 rats
64 creatures vanquished.

Notes
Turn   | Place    | Note
--------------------------------------------------------------
     0 | D:1      | Ngotmuk, the Deep Dwarf Fighter, began the quest for the Orb.
     0 | D:1      | Reached XP level 1. HP: 20/20 MP: 1/1
   228 | D:1      | Reached XP level 2. HP: 21/27 MP: 2/2
   377 | D:1      | Reached skill level 1 in Dodging
   514 | D:1      | Reached XP level 3. HP: 20/33 MP: 3/3
  1344 | D:2      | Reached XP level 4. HP: 21/42 MP: 4/4
  1831 | D:3      | Noticed an ogre
  1837 | D:3      | Reached skill level 4 in Shields
  1837 | D:3      | Mangled by an ogre

Action                   |  1- 3 |  4- 6 || total
-------------------------+-------+-------++-------
Melee: War axe           |   172 |    54 ||   226
  Eat: Bread ration      |     1 |       ||     1
